AoeStats
← Ebrio

MegaRandom

507844292Analyzed
3v3 RM · 13d ago on Sep 19, 2026· 27m 14s· 6 players
Game mode
Random Map
Map size
Normal (6 player)
Population
200
Speed
Normal
Resources
Standard
Victory
Conquest
Starting age
Dark Age
Ending age
Imperial Age
RankedLock teamsTeams togetherTeam positionsShared explorationLock speedFull tech treeHidden civsTurbo modeCheats
Victory
Defeat
🇨🇴 Vietnamese · Colombia
975
+13
🇧🇴 Wei · Bolivia
941
+15
🇧🇴 Britons · Bolivia
732
+23
🇦🇷 Persians · Argentina
924
-18
🇵🇪 Lithuanians · Peru
907
-17
🇦🇷 Goths · Argentina
891
-16
Train Heartnet
5:39 Loom
9:40 Feudal Age
18:47 Castle Age
18:58 Scale Mail Armor
19:10 Forging
21:30 Fortified Wall
joaquinrainone
0:27 Loom
11:03 Feudal Age
17:50 Castle Age
18:20 Padded Archer Armor
18:24 Town Watch
19:24 Horse Collar
19:30 Double-Bit Axe
21:58 Gold Mining
22:15 Stone Mining
23:01 Elite Skirmisher
25:36 Fletching
26:17 Man-at-Arms
27:01 Squires
27:27 Scale Mail Armor
Ebrio
1:12 Loom
10:51 Feudal Age
12:08 Feudal Age
12:48 Double-Bit Axe
12:46 Horse Collar
16:22 Castle Age
17:31 Wheelbarrow
17:10 Bow Saw
17:03 Heavy Plow
Dr. Krauss
10:00 Feudal Age
9:12 Loom
11:49 Double-Bit Axe
11:59 Gold Mining
15:25 Horse Collar
16:04 Forging
17:26 Fletching
24:17 Castle Age
22:51 Padded Archer Armor
24:32 Crossbowman
25:59 Wheelbarrow
26:27 Stone Mining
VIT.DanielCR
6:11 Loom
10:40 Feudal Age
13:53 Fletching
19:43 Castle Age
17:53 Padded Archer Armor
19:08 Arson
19:50 Crossbowman
20:39 Squires
20:58 Forging
25:54 Wheelbarrow
25:53 Scale Mail Armor
26:10 Leather Archer Armor
25:49 Double-Bit Axe
27:39 Bodkin Arrow
Frijolito
1:21 Loom
9:40 Feudal Age
11:08 Wheelbarrow
10:19 Double-Bit Axe
10:19 Horse Collar
19:56 Castle Age
19:31 Fletching
19:41 Padded Archer Armor
20:29 Bloodlines
21:00 Bow Saw
20:57 Heavy Plow
21:17 Hand Cart
21:24 Husbandry
23:15 Bodkin Arrow
25:07 Ballistics
25:27 Leather Archer Armor
Connection lost

Rejoining the realm…

Still unreachable

The connection could not be restored.

Session expired

The server has moved on; the page needs a fresh start.